 Dungeon Crawl Stone Soup version 0.29-a0-878-g7b45a56547 (console) character file.

Game seed: 6376324956619948793

65 capslocke the Digger (level 4, -2/24 HPs)
             Began as a Gargoyle Earth Elementalist on July 20, 2022.
             Slain by an iguana (3 damage)
             ... on level 3 of the Dungeon.
             The game lasted 00:08:05 (1730 turns).

capslocke the Digger (Gargoyle Earth Elementalist)  Turns: 1730, Time: 00:08:07

Health: -2/24      AC:  7    Str: 11    XL:     4   Next: 14%
Magic:  4/8        EV: 12    Int: 16    God:
Gold:   70         SH:  0    Dex: 12    Spells: 5/8 levels left

rFire   . . .      SeeInvis +   j - +3 short sword (venom)
rCold   . . .      Faith    .   (no shield)
rNeg    + . .      Spirit   .   a - +0 robe
rPois   ∞          Reflect  .   h - +0 helmet
rElec   +          Harm     .   (no cloak)
rCorr   .          Rampage  .   d - +0 pair of gloves
Will    .....                   (no boots)
Stlth   ++........              (no amulet)
HPRegen 0.08/turn               i - ring of see invisible
MPRegen 0.11/turn               (no ring)

@: no status effects
A: sickness immunity, AC +3, negative energy resistance 1, electricity
resistance, torment resistance 1, petrification resistance
a: no special abilities


You were on level 3 of the Dungeon.
You visited 1 branch of the dungeon, and saw 3 of its levels.

You collected 70 gold pieces.

Inventory:

Hand Weapons
 f - a +1 short sword of holy wrath
 j - a +3 short sword of venom (weapon)
Armour
 a - a +0 robe (worn)
 d - a +0 pair of gloves (worn)
 h - a +0 helmet (worn)
Jewellery
 i - a ring of see invisible (left hand)
 k - an amulet of guardian spirit
Scrolls
 g - a scroll of enchant armour {unknown}
Potions
 b - a potion of magic
 c - a potion of mutation {unknown}
 e - 2 potions of heal wounds {unknown}
 l - a potion of curing {unknown}


   Skills:
 + Level 0.1 Short Blades
 + Level 2.0 Dodging
 - Level 2.1 Stealth
 + Level 2.9 Spellcasting
 + Level 0.7 Transmutations
 + Level 4.7 Earth Magic


You had 5 spell levels left.
You knew the following spells:

 Your Spells              Type           Power      Damage    Failure   Level
a - Sandblast             Erth           34%        2d9       2%          1
b - Passwall              Tmut/Erth      9%         N/A       10%         2

Your spell library contained the following spells:

 Spells                   Type           Power      Damage    Failure   Level
 Necrotise                Necr           8%         1d4       19%         1
 Stone Arrow              Conj/Erth      18%        3d8       22%         3
 Ignite Poison            Fire/Tmut/Pois 3%         N/A       45%         3
 Dazzling Flash           Conj/Hex       4%         N/A       50%         3
 Mephitic Cloud           Conj/Pois/Air  2%         N/A       50%         3
 Petrify                  Tmut/Erth      11%        N/A       52%         4
 Iskenderun's Mystic Bla  Conj/Tloc      2%         2d3       88%         4
 Freezing Cloud           Conj/Ice/Air   1%         6-21      99%         5
 Starburst                Conj/Fire      1%         6d3       100%        6


Dungeon Overview and Level Annotations

Branches:
Dungeon (3/15)

Altars:
Okawaru


Innate Abilities, Weirdness & Mutations

You are immune to sickness and miasma.
Your stone body is resilient. (AC +3)
You are immune to poison.
You resist negative energy. (rN+)
You are resistant to electric shocks. (rElec)
You are resistant to unholy torment.
You are immune to petrification.


Message History

Confirm with . or Enter, or press ? or * to list all spells.
Aiming: Sandblast (safe; 2% risk of failure)
Press: ? - help, Shift-Dir - straight line, f/p - iguana
Aim: an iguana (moderately wounded, 82% to hit)
The blast of sand hits the iguana!
The iguana is severely wounded.
The iguana closely misses you. x2
You closely miss the iguana.
The iguana is severely wounded.
The iguana closely misses you.
Casting: Sandblast (safe; 2% risk of failure)
Confirm with . or Enter, or press ? or * to list all spells.
Aiming: Sandblast (safe; 2% risk of failure)
Press: ? - help, Shift-Dir - straight line, f/p - iguana
Aim: an iguana (severely wounded, 82% to hit)
The blast of sand hits the iguana but does no damage.
The iguana is severely wounded.
The iguana bites you!
Ouch! That really hurt!
The iguana closely misses you.
Casting: Sandblast (safe; 2% risk of failure)
Confirm with . or Enter, or press ? or * to list all spells.
Aiming: Sandblast (safe; 2% risk of failure)
Press: ? - help, Shift-Dir - straight line, f/p - iguana
Aim: an iguana (severely wounded, 82% to hit)
The blast of sand hits the iguana but does no damage.
The iguana is severely wounded.
The iguana closely misses you. The iguana bites you.
You hit the iguana.
The iguana is poisoned.
The iguana is severely wounded.
The iguana barely misses you.
Casting: Sandblast (safe; 2% risk of failure)
Confirm with . or Enter, or press ? or * to list all spells.
Aiming: Sandblast (safe; 2% risk of failure)
Press: ? - help, Shift-Dir - straight line, f/p - iguana
Aim: an iguana (severely wounded, very poisoned, 82% to hit)
The blast of sand misses the iguana.
The iguana bites you!
* * * LOW HITPOINT WARNING * * *
The iguana bites you.
You die...

#.#.# #.#.# #.#.#
. #.#.####
...##...#.#######
.................
#.....<.......#
#......#.####.#
#.######@# #l#
#.# ..# ..# #..#
...# #.#.


You could see an iguana (very poisoned).

Vanquished Creatures
  2 adders (D:2)
  A worm (D:2)
  2 dart slugs (D:1)
  5 bats
  4 endoplasms
  3 giant cockroaches
  5 goblins
  3 hobgoblins
  5 kobolds
  A quokka (D:2)
  2 ball pythons
  2 frilled lizards (D:2)
  3 rats
38 creatures vanquished.

Vanquished Creatures (others)
  4 toadstools (D:1)
4 creatures vanquished.

Grand Total: 42 creatures vanquished

Notes
Turn   | Place    | Note
-------+----------+-------------------------------------------
     0 | D:1      | capslocke the Gargoyle Earth Elementalist began the quest
                  | for the Orb.
     0 | D:1      | Reached XP level 1. HP: 10/10 MP: 3/3
   256 | D:1      | Reached XP level 2. HP: 7/15 MP: 0/5
   462 | D:1      | Reached skill level 4 in Earth Magic
   540 | D:1      | Found a faded altar of an unknown god.
   545 | D:1      | Got Plato's Textbook on Wicked Arts
   643 | D:1      | Learned a level 2 spell: Passwall
  1006 | D:2      | Reached XP level 3. HP: 19/19 MP: 3/6
  1331 | D:2      | Found an iron altar of Okawaru.
  1589 | D:2      | Reached XP level 4. HP: 23/24 MP: 5/8
  1730 | D:3      | HP: 1/24 [iguana (9)]
  1730 | D:3      | Slain by an iguana

Illustrated notes

Levels and vault maps discovered:
D:1:      ldierk_water_garden, layout_basic,
          shapermc_ecumenical_altar_rom_forum, minmay_misc_feat_roman,
          chequers_serial_rivers_micro_b
D:2:      layout_basic, basic_altar
D:3:      minmay_inner_zag, layout_loops_ring, minivault_27, uniq_grinder,
          uniq_terence, uniq_robin

Skill      XL: |  1  2  3 |
---------------+----------+-----
Earth Magic    | 4 |  4.7
Dodging        | 2 |  2.0
Short Blades   | |  0.1
Stealth        | |  2.1
Spellcasting   | |  2.9
Transmutations | |  0.7

Action                   |  1- 3 |  4- 6 || total
-------------------------+-------+-------++-------
Melee: Unarmed           |     2 |       ||     2
       Short sword       |    12 |     2 ||    14
 Cast: Sandblast         |    46 |     6 ||    52
Armor: Robe              |    18 |       ||    18
Dodge: Dodged            |    19 |     6 ||    25

Table legend: (Time is in decaauts)
 A = Elapsed time spent in this place.
 B = Non-inter-level travel time spent in this place.
 C = Inter-level travel time spent in this place.
 D = Time resting spent in this place.
 E = Time spent auto-exploring this place.
 F = Levels seen in this place.
 G = Mean time per level.
                   A        B        C        D        E       F      G
               +--------+--------+--------+--------+--------+-----+--------+
         Total |   1786 |   1754 |     32 |    129 |   1326 |   3 |  595.3 |
       Dungeon |   1786 |   1754 |     32 |    129 |   1326 |   3 |  595.3 |
               +--------+--------+--------+--------+--------+-----+--------+

Top non-repeatable levels by time:
     D:1: 934 daAuts
     D:2: 838 daAuts
     D:3: 14 daAuts
